cohdb
Replays
Latest Replays
All Replays
Popular Replays
Top Player Replays
Match Explorer
How It Works
Community
CoH3 Stats
Reddit
Sign in to upload your games and track your stats! →
Sign in with Steam
Match 25562580
Unlisted
Match 25562580
Overview
Messages
Build Orders
End
Construct Infanterie Kompanie
MG 42 Machine Gun Team
Grenadier Squad
Grenadier Squad
Construct Panzergrenadier Kompanie
Panzergrenadier Squad
Pak 40 Anti-tank Gun Team
251 Medium Carrier
Support Elements
StuG III G Assault Gun
Panzergrenadier Officer Quarters
Selects Mechanized Battlegroup
Selects Raid Package
Selects 8 Rad Armored Car
Selects Mobile Repair Stations
8 Rad Armored Car
Construct Panzer Kompanie
Nebelwerfer 42 Rocket Launcher Team
Panzergrenadier Squad
Sasha
Helenss.cn
FR
ConcernedApe
0
0
Comments
sign in to comment!
No comments posted yet!